 Dungeon Crawl Stone Soup version 0.22-b1-21-g5cfc168 (webtiles) character file.

682 wojtek the Cleaver (level 7, -5/60 HPs)
             Began as a Minotaur Fighter on Aug 4, 2018.
             Splashed by a jelly's acid (8 damage)
             ... on level 5 of the Dungeon.
             The game lasted 00:03:48 (4071 turns).

wojtek the Cleaver (Minotaur Fighter)               Turns: 4071, Time: 00:03:49

Health: -5/60      AC:  0    Str: 23    XL:     7   Next: 34%
Magic:  6/6        EV:  8    Int:  5    God:
Gold:   186        SH:  0    Dex:  9    Spells: 6/6 levels left

rFire    . . .     SeeInvis .   a - +0 war axe
rCold    . . .     Gourm    .   c - +0 shield
rNeg     . . .     Faith    .   b - +0 scale mail
rPois    .         Spirit   .   (helmet restricted)
rElec    .         Reflect  .   (no cloak)
rCorr    .         Harm     .   (no gloves)
MR       .....                  (no boots)
Stlth    ..........             (no amulet)
HPRegen  0.20/turn              (no ring)
MPRegen  0.10/turn              (no ring)

@: confused, corroded
A: retaliatory headbutt, horns 2
a: no special abilities


You were on level 5 of the Dungeon.
You were very hungry.

You visited 1 branch of the dungeon, and saw 5 of its levels.

You collected 186 gold pieces.

Inventory:

Hand Weapons
 a - a +0 war axe (weapon)
Missiles
 r - a throwing net (quivered)
Armour
 b - a +0 scale mail (worn)
 c - a +0 shield (worn)
Scrolls
 h - 2 scrolls of remove curse {unknown}
 i - 6 scrolls of identify {unknown}
 k - 2 scrolls of teleportation {unknown}
 m - a scroll of fog {unknown}
 n - a scroll of random uselessness {unknown}
 o - 3 scrolls of amnesia {unknown}
 s - a scroll of noise {unknown}
 v - a scroll of blinking {unknown}
Potions
 d - a potion of might
 e - a potion of ambrosia {unknown}
 g - a potion of degeneration {unknown}
 j - 2 potions of agility {unknown}
 l - a potion of lignification {unknown}
 p - a potion of haste {unknown}
 q - a potion of curing {unknown}
 u - a potion of mutation {unknown}
Comestibles
 f - 7 rations
 t - a chunk of flesh


   Skills:
 + Level 4.6 Fighting
 * Level 8.0 Axes
 + Level 4.7 Armour
 + Level 2.4 Dodging
 + Level 4.6 Shields


You had 6 spell levels left.
You didn't know any spells.
Your spell library contained the following spells:

 Spells                   Type           Power        Failure   Level  Hunger
 Magic Dart               Conj           #...         99%         1    ##.....
 Conjure Flame            Conj/Fire      #.......     100%        3    ####...
 Slow                     Hex            #.......     100%        2    ###....
 Mephitic Cloud           Conj/Pois/Air  #.......     100%        3    ####...
 Blink                    Tloc           N/A          100%        2    ###....
 Call Imp                 Summ           #.......     100%        2    ###....


Dungeon Overview and Level Annotations

Branches:
Dungeon (5/15)
 Temple: D:4-7

Altars:

Annotations:
D:5 Sigmund


Innate Abilities, Weirdness & Mutations

You reflexively headbutt those who attack you in melee.
You have a pair of horns on your head.


Message History

You hear some strange, mumbled words.
A magic dart appears from out of thin air!
The magic dart hits you!
* * * LOW HITPOINT WARNING * * *
The jelly barely misses you. Something hits you.
* * * LOW HITPOINT WARNING * * *
Unknown command.
The jelly hits you.
* * * LOW HITPOINT WARNING * * *
The acid corrodes you!
You are splashed with acid!
The acid burns!
* * * LOW HITPOINT WARNING * * *
Something hits you but does no damage.
Unknown command.
You hit the jelly. The acid corrodes you!
Your hands burn!
* * * LOW HITPOINT WARNING * * *
The jelly is severely wounded.
The jelly hits you.
* * * LOW HITPOINT WARNING * * *
You are splashed with acid!
The acid burns!
You die...

.....# ## .... .#### ####
# #..# ...##...## ##
##..# ......... .##
#...#######........ ..#
#........##........ ).#
###......$...J{......
.####...........@.#......
###.).#####.......#......
##..### ###.###........
..### ### #........ .#..#
#........ .....###
##....... .......##
...... ........## ......
.........#


You could see a jelly.

Vanquished Creatures
  A hippogriff (D:4)
  An ogre (D:4)
  A phantom (D:4)
  A centaur (D:3)
  A bullfrog skeleton (D:4)
  2 orc priests (D:3)
  A worker ant (D:5)
  Robin (D:2)
  3 adders
  An ooze (D:3)
  2 worms
  2 dart slugs
  2 leopard geckos (D:3)
  6 orcs
  9 bats
  3 giant cockroaches
  17 goblins
  12 hobgoblins
  6 jackals
  2 quokkas
  2 ball pythons
  2 frilled lizards
  7 kobolds
  A leopard gecko skeleton (D:4)
  4 rats
90 creatures vanquished.

Notes
Turn   | Place    | Note
-------+----------+-------------------------------------------
     0 | D:1      | wojtek the Minotaur Fighter began the quest for the Orb.
     0 | D:1      | Reached XP level 1. HP: 19/19 MP: 0/0
    24 | D:1      | Reached skill level 3 in Axes
   134 | D:1      | Reached XP level 2. HP: 17/26 MP: 1/1
   375 | D:1      | Reached skill level 4 in Axes
   603 | D:2      | Reached XP level 3. HP: 31/31 MP: 2/2
   614 | D:2      | Noticed Robin
   631 | D:2      | Killed Robin
   780 | D:2      | Reached skill level 5 in Axes
   946 | D:2      | Reached XP level 4. HP: 27/39 MP: 3/3
  1668 | D:3      | Noticed a centaur
  1679 | D:3      | Killed a centaur
  1679 | D:3      | Reached skill level 6 in Axes
  1679 | D:3      | Reached XP level 5. HP: 10/45 MP: 4/4
  1990 | D:3      | Found a faded altar of an unknown god.
  2298 | D:3      | Reached skill level 7 in Axes
  2298 | D:3      | Reached skill level 1 in Dodging
  2778 | D:3      | Reached XP level 6. HP: 52/52 MP: 5/5
  3579 | D:4      | Noticed a hippogriff
  3591 | D:4      | Killed a hippogriff
  3591 | D:4      | Reached XP level 7. HP: 22/60 MP: 6/6
  3946 | D:5      | Entered Level 5 of the Dungeon
  4039 | D:5      | Reached skill level 8 in Axes
  4051 | D:5      | Noticed Sigmund
  4071 | D:5      | HP: 3/60 [jelly (3)]
  4071 | D:5      | Splashed by a jelly's acid

Skill      XL: |  1  2  3  4  5  6  7 |
---------------+----------------------+-----
Axes           | 3 4 5 6 7 8 |  8.0
Dodging        | 1 2 |  2.4
Fighting       | 4 |  4.6
Armour         | 4 |  4.7
Shields        | 4 |  4.6

Action                   |  1- 3 |  4- 6 |  7- 9 || total
-------------------------+-------+-------+-------++-------
Melee: War axe           |    94 |   115 |    25 ||   234
       Headbutt          |    11 |    13 |     4 ||    28
  Eat: Chunk             |       |     9 |       ||     9
Armor: Scale mail        |    32 |    34 |     7 ||    73
Dodge: Dodged            |    26 |    41 |    11 ||    78
Block: Shield            |    45 |    70 |    12 ||   127
